 Dungeon Crawl Stone Soup version 0.30-a0-297-g0ec75d9ef4 (webtiles) character file.

Game seed: 15346547815222932625

72 koil the Sneak (level 4, -1/21 HPs)
             Began as a Spriggan Enchanter on Oct 18, 2022.
             Killed from afar by a dart slug (4 damage)
             ... with a slug dart
             ... on level 2 of the Dungeon.
             The game lasted 00:02:23 (1760 turns).

koil the Sneak (Spriggan Enchanter)                 Turns: 1760, Time: 00:02:23

Health: -1/21      AC:  2    Str:  4    XL:     4   Next: 7%
Magic:  10/10      EV: 18    Int: 16    God:
Gold:   69         SH:  0    Dex: 17    Spells: 4/9 levels left

rFire   . . .      SeeInvis +    a - +1 dagger
rCold   . . .      Faith    .    (no shield)
rNeg    . . .      Spirit   .    j - +0 robe
rPois   .          Reflect  .    (helmet restricted)
rElec   .          Harm     .    (no cloak)
rCorr   .          Rampage  .    (gloves unavailable)
Will    .....                    (boots unavailable)
Stlth   +++.......               (no amulet)
HPRegen 0.23/turn                (no ring)
MPRegen 0.12/turn                (no ring)

@: very quick
A: very small, no large weapons, unfitting armour, see invisible, speed 3
a: no special abilities


You were on level 2 of the Dungeon.
You visited 1 branch of the dungeon, and saw 2 of its levels.

You collected 69 gold pieces.

Inventory:

Hand Weapons
 a - a +1 dagger (weapon)
Armour
 b - a +0 robe
 j - a +0 robe (worn)
 l - an orb of wrath
Scrolls
 f - a scroll of silence {unknown}
 g - 2 scrolls of teleportation {unknown}
 k - a scroll of identify {unknown}
Potions
 c - 2 potions of invisibility
 d - 2 potions of curing {unknown}
 e - a potion of might {unknown}
 h - a potion of brilliance {unknown}
 i - a potion of attraction {unknown}


   Skills:
 + Level 0.8 Fighting
 + Level 2.1 Short Blades
 + Level 3.2 Dodging
 + Level 5.1 Stealth
 + Level 3.3 Spellcasting
 + Level 4.1 Hexes


You had 4 spell levels left.
You knew the following spells:

 Your Spells              Type           Power      Damage    Failure   Level
a - Ensorcelled Hibernat  Hex/Ice        18%        N/A       12%         2
b - Confusing Touch       Hex            16%        N/A       10%         3

Your spell library contained the following spells:

 Spells                   Type           Power      Damage    Failure   Level
 Tukima's Dance           Hex            16%        N/A       10%         3
 Dazzling Flash           Conj/Hex       18%        N/A       22%         3


Dungeon Overview and Level Annotations

Branches:
Dungeon (2/15)

Altars:


Innate Abilities, Weirdness & Mutations

You are very small and have problems with some larger weapons.
You are too small for most types of armour.
You have supernaturally acute eyesight. (SInv)
You cover ground extremely quickly. (Speed+++)


Message History

You hit the adder.
The adder is severely wounded.
The adder misses you.
You miss the adder.
The adder is severely wounded.
The adder bites you.
You are poisoned.
The adder poisons you!
You closely miss the adder.
The adder is severely wounded.
You feel sick. The adder bites you. The adder misses you.
You barely miss the adder.
The adder is severely wounded.
You feel sick. The adder misses you.
You miss the adder.
The adder is severely wounded.
You feel sick. The adder misses you.
You hit the adder but do no damage.
The adder is severely wounded.
You feel sick. The adder bites you.
* * * LOW HITPOINT WARNING * * *
You closely miss the adder.
The adder is severely wounded.
The adder misses you.
You hit the adder.
The adder is almost dead.
You feel sick. The adder barely misses you.
You closely miss the adder.
The adder is almost dead.
You feel sick.
You are no longer poisoned.
The adder completely misses you.
You hit the adder.
The adder is almost dead.
The adder misses you. x2
You hit the adder.
You kill the adder!
The dart slug launches a dart at you. The slug dart hits you.
You die...

#.# #.# ####.####.
#.........
###########.#...##
#................#
###.#########.#...##
.<.....# ####.##
###)##.# #@# # #.##.#
#†# # #.##.# ##w## #
#..#.# #...# # ##.#.#
#.....# # #.#)##
#.......#
####....####.........#
...........+........wS.
####....####.........###


You could see a dart slug.

Vanquished Creatures
  Terence (D:2)
  2 adders (D:2)
  A worm (D:2)
  A dart slug (D:1)
  An orc (D:2)
  2 bats
  A giant cockroach (D:2)
  2 goblins
  5 hobgoblins
  3 jackals (D:1)
  4 quokkas
  2 ball pythons (D:1)
  2 frilled lizards
  3 kobolds (D:1)
  2 rats
32 creatures vanquished.

Notes
Turn   | Place    | Note
-------+----------+-------------------------------------------
     0 | D:1      | koil the Spriggan Enchanter began the quest for the Orb.
     0 | D:1      | Reached XP level 1. HP: 9/9 MP: 5/5
   217 | D:1      | Reached XP level 2. HP: 6/13 MP: 6/6
   220 | D:1      | Learned a level 2 spell: Ensorcelled Hibernation
  1166 | D:2      | Reached XP level 3. HP: 15/17 MP: 8/8
  1170 | D:2      | Learned a level 3 spell: Confusing Touch
  1663 | D:2      | Noticed Terence
  1668 | D:2      | Killed Terence
  1669 | D:2      | Reached skill level 5 in Stealth
  1669 | D:2      | Reached XP level 4. HP: 21/21 MP: 5/10
  1760 | D:2      | Killed from afar by a dart slug

Illustrated notes

Levels and vault maps discovered:
D:1:      dpeg_arrival_three_same_balls, layout_loops_corners
D:2:      minmay_evil_eye, layout_loops_corners, uniq_terence

Skill      XL: |  1  2  3 |
---------------+----------+-----
Spellcasting   | 3 |  3.3
Dodging        | 3 |  3.2
Hexes          | 4 |  4.1
Short Blades   | 2 |  2.1
Stealth        | 5 |  5.1
Fighting       | |  0.8

Action                   |  1- 3 |  4- 6 || total
-------------------------+-------+-------++-------
Melee: Dagger            |    81 |    23 ||   104
 Cast: Ensorcelled Hiber |     5 |       ||     5
 Stab: Sleeping          |    13 |       ||    13
Armor: Robe              |     5 |     1 ||     6
Dodge: Dodged            |    36 |    16 ||    52

Table legend: (Time is in decaauts)
 A = Elapsed time spent in this place.
 B = Non-inter-level travel time spent in this place.
 C = Inter-level travel time spent in this place.
 D = Time resting spent in this place.
 E = Time spent auto-exploring this place.
 F = Levels seen in this place.
 G = Mean time per level.
                   A        B        C        D        E       F      G
               +--------+--------+--------+--------+--------+-----+--------+
         Total |   1222 |   1205 |     17 |      0 |   1001 |   2 |  611.0 |
       Dungeon |   1222 |   1205 |     17 |      0 |   1001 |   2 |  611.0 |
               +--------+--------+--------+--------+--------+-----+--------+

Top non-repeatable levels by time:
     D:1: 634 daAuts
     D:2: 588 daAuts
